 Dungeon Crawl Stone Soup version 0.26.0-10-g1f06aea511 (webtiles) character file.

Game seed: 3833269007673796991

24075 Arthanis the Arsonist (level 12, -1/62 HPs)
             Began as a Deep Elf Fire Elementalist on Jan 18, 2021.
             Was a High Priest of Vehumet.
             Hit by a boomerang thrown by an orc warrior (12 damage)
             ... on level 2 of the Orcish Mines.
             The game lasted 00:32:45 (20698 turns).

Arthanis the Arsonist (Deep Elf Fire Elementalist) Turns: 20698, Time: 00:32:45

Health: -1/62      AC:  4    Str:  5    XL:     12   Next: 77%
Magic:  10/30      EV: 17    Int: 26    God:    Vehumet [*****.]
Gold:   889        SH:  5    Dex: 15    Spells: 9/36 levels left

rFire    . . .     SeeInvis .   k - +0 trident
rCold    . . .     Faith    .   y - +0 buckler
rNeg     . . .     Spirit   .   a - +0 robe
rPois    +         Reflect  .   u - +0 helmet
rElec    .         Harm     .   M - +0 cloak (curse)
rCorr    +         Rampage  .   (no gloves)
Will     +....                  (no boots)
Stlth    ++........             (no amulet)
HPRegen  0.20/turn              e - ring of poison resistance
MPRegen  0.22/turn              L - ring of resist corrosion

@: no status effects
A: no striking features
a: Renounce Religion


You were on level 2 of the Orcish Mines.
You worshipped Vehumet.
Vehumet was extremely pleased with you.
You visited 2 branches of the dungeon, and saw 14 of its levels.
You also visited: Ossuary.

You collected 1209 gold pieces.
You spent 320 gold pieces at shops.

Inventory:

Hand Weapons
 d - a +0 spear
 k - a +0 trident (weapon)
 p - the +5 dagger "Faamuf" {vorpal, rElec Int-4 Dex+9}
   (You found it on level 4 of the Dungeon)

   It inflicts extra damage upon your enemies.
   It affects your intelligence (-4).
   It affects your dexterity (+9).
   It insulates you from electricity.
 A - a +4 halberd of freezing
Missiles
 q - 3 throwing nets
Armour
 a - a +0 robe (worn)
 u - a +0 helmet (worn)
 y - a +0 buckler (worn)
 M - a cursed +0 cloak (worn)
 Q - a +1 robe of cold resistance
Magical Staves
 B - an uncursed staff of poison
 J - an uncursed staff of cold
Jewellery
 e - a ring of poison resistance (left hand)
 l - an uncursed ring of protection from fire
 L - a ring of resist corrosion (right hand)
 P - an uncursed ring of ice
Wands
 s - a wand of iceblast (18)
 w - a wand of digging (7)
 x - a wand of paralysis (13)
 D - a wand of enslavement (6)
 N - a wand of acid (9)
 O - a wand of flame (12)
Scrolls
 c - 3 scrolls of magic mapping
 i - 4 scrolls of enchant weapon
 j - 4 scrolls of remove curse
 n - 6 scrolls of teleportation
 z - 2 scrolls of blinking
 C - 3 scrolls of enchant armour
 E - a scroll of fear
 F - 2 scrolls of immolation
 K - a scroll of summoning
 R - a scroll of torment {unknown}
Potions
 b - 6 potions of curing
 f - 2 potions of cancellation {unknown}
 g - 2 potions of resistance {unknown}
 h - a potion of magic {unknown}
 m - 2 potions of might
 o - 5 potions of attraction
 r - a potion of heal wounds {unknown}
 t - a potion of flight {unknown}
 v - a potion of invisibility {unknown}
 G - a potion of brilliance {unknown}
 H - 2 potions of mutation {unknown}
 I - a potion of degeneration


   Skills:
 - Level 2.0 Fighting
 + Level 7.5 Dodging
 - Level 3.0 Stealth
 - Level 4.0 Shields
 + Level 12.6 Spellcasting
 + Level 10.5 Conjurations
 * Level 14.8 Fire Magic
 + Level 5.9 Evocations


You had 9 spell levels left.
You knew the following spells:

 Your Spells              Type           Power        Failure   Level
a - Foxfire               Conj/Fire      100%         0%          1
b - Conjure Flame         Conj/Fire      70%          1%          3
c - Sticky Flame          Conj/Fire      70%          1%          4
d - Fireball              Conj/Fire      35%          1%          5
e - Blink                 Tloc           N/A          5%          2
f - Mephitic Cloud        Conj/Pois/Air  34%          1%          3
g - Airstrike             Air            8%           10%         4
h - Bolt of Magma         Conj/Fire/Erth 28%          1%          5

Your spell library contained the following spells:

 Spells                   Type           Power        Failure   Level
 Inner Flame              Hex/Fire       53%          1%          3
 Beastly Appendage        Tmut           32%          3%          1
 Wereblood                Tmut           16%          5%          2
 Spider Form              Tmut/Pois      8%           11%         3
 Ice Form                 Ice/Tmut       16%          34%         4
 Blade Hands              Tmut           8%           69%         5


Dungeon Overview and Level Annotations

Branches:
Dungeon (12/15)            Temple (0/1) D:7            Lair (0/6) D:9
    Orc (2/2) D:10            Elf (0/3) Orc:2       Ossuary (visited)

Altars:
Ashenzari
Dithmenos
Elyvilon
Gozag
Makhleb
Nemelex Xobeh
Okawaru
Qazlal
Trog
Vehumet
Wu Jian
Xom
Zin
Beogh

Shops:
D:5 ?   D:9 *   Orc:1 }

Annotations:
Orc:2 Blork the orc


Message History

The orc warlord shoots a bolt.
The bolt hits you!
Casting: Fireball (safe; 1% risk of failure)
Confirm with . or Enter, or press ? or * to list all spells.
Aiming: Fireball (safe; 1% risk of failure)
Press: ? - help, Shift-Dir - straight line The fireball explodes!
The fireball engulfs the orc warlord!
The orc warlord is moderately wounded.
You hear a shout!
The orc warlord shoots a bolt.
The bolt hits you!
* * * LOW HITPOINT WARNING * * *
Casting: Fireball (safe; 1% risk of failure)
Confirm with . or Enter, or press ? or * to list all spells.
Aiming: Fireball (safe; 1% risk of failure)
Press: ? - help, Shift-Dir - straight line The fireball explodes!
The fireball engulfs the orc warrior!!
The orc warrior is almost dead.
The fireball engulfs the orc warlord!
The orc warlord is heavily wounded.
The orc warrior throws a boomerang.
The boomerang hits you!
You die...

### ##.# ...## ##..# ....##
##...#### .....## ###.......##
#......# ......####..........##
##.......
.......##............####...>....
.....###....[..<..[####.#........
...............[@)[.#............
...)............[[[.)...........
.)[[[..........##.[.[.........# .
###.............#..).......#.# .
# ##...............[........## #.
###....................o.)...##..
#..............#.......o.[...#...
.......................#....##...
......................###[.......


You could see an orc warlord and an orc warrior (strong).

Vanquished Creatures
  Snorg (D:11)
  Fannar (D:11)
  Harold (D:9)
  A death knight (D:11)
  Erica (D:11)
  A centaur warrior (D:12)
  5 two-headed ogres
  An orc high priest (Orc:2)
  Nergalle (D:11)
  Pikel (D:4)
  An orc knight (Orc:2)
  2 cyclopes
  An orc sorcerer (Orc:2)
  Maurice (D:11)
  A gargoyle (D:10)
  2 freezing wraiths (D:11)
  A komodo dragon (D:9)
  8 trolls
  A hornet (D:10)
  Prince Ribbit (D:9)
  5 slime creatures
  A wraith (D:11)
  A shadow (D:8)
  A wyvern (D:12)
  6 yaks (D:9)
  Menkaure (D:4)
  A vampire mosquito (D:11)
  Edmund (D:4)
  3 wargs
  A sky beast (D:5)
  18 orc warriors
  2 black bears
  5 ogres
  3 ice beasts
  A centaur (D:9)
  A lemure (D:4)
  9 bullfrogs
  2 gnoll sergeants
  A wyvern skeleton (D:9)
  3 scorpions
  8 killer bees
  15 wights
  4 electric eels (D:10)
  5 howler monkeys
  4 centaur skeletons
  A centaur zombie (D:7)
  3 hounds
  5 jellies
  11 orc priests
  4 bullfrog skeletons
  Jessica (D:3)
  3 iguanas
  17 orc wizards
  9 worker ants
  A killer bee zombie (D:7)
  A hound zombie (D:11)
  A hound skeleton (D:4)
  4 mummies (Ossuary)
  2 worker ant zombies
  Robin (D:4)
  15 adders
  26 gnolls
  2 shadow imps (D:6)
  3 ufetubi
  2 adder skeletons (D:4)
  5 adder zombies
  A worm (D:2)
  A dart slug (D:2)
  4 leopard geckos
  66 orcs
  8 bats
  3 giant cockroaches
  9 goblins
  16 hobgoblins
  12 jackals
  6 quokkas
  2 ball pythons
  7 frilled lizards
  3 gnoll skeletons (Ossuary)
  5 gnoll zombies (Ossuary)
  3 goblin skeletons (Ossuary)
  5 goblin zombies (Ossuary)
  5 hobgoblin skeletons (Ossuary)
  7 hobgoblin zombies (Ossuary)
  A jackal skeleton (D:6)
  A jackal zombie (D:7)
  7 kobolds
  6 kobold skeletons (Ossuary)
  4 kobold zombies (Ossuary)
  2 orc skeletons (Ossuary)
  2 orc zombies (Ossuary)
  5 rats
  3 rat skeletons (Ossuary)
  2 rat zombies (Ossuary)
448 creatures vanquished.

Vanquished Creatures (collateral kills)
  A foxfire (D:4)
1 creature vanquished.

Vanquished Creatures (others)
  A goblin skeleton (Ossuary)
  2 rat skeletons (Ossuary)
  1939 foxfires
  12 plants
1954 creatures vanquished.

Grand Total: 2403 creatures vanquished

Notes
Turn   | Place    | Note
-------+----------+-------------------------------------------
     0 | D:1      | Arthanis the Deep Elf Fire Elementalist began the quest for
                  | the Orb.
     0 | D:1      | Reached XP level 1. HP: 10/10 MP: 6/6
   356 | D:1      | Reached XP level 2. HP: 15/15 MP: 2/8
  1673 | D:2      | Reached skill level 4 in Fire Magic
  1825 | D:2      | Reached XP level 3. HP: 19/19 MP: 5/10
  1829 | D:2      | Learned a level 3 spell: Conjure Flame
  2341 | D:2      | Reached XP level 4. HP: 23/24 MP: 6/11
  2346 | D:2      | Learned a level 4 spell: Sticky Flame
  2955 | D:3      | Noticed a two-headed ogre
  3280 | D:3      | Noticed Jessica
  3285 | D:3      | Reached skill level 5 in Fire Magic
  3285 | D:3      | Killed Jessica
  3286 | D:3      | Reached XP level 5. HP: 28/28 MP: 8/13
  3330 | D:3      | Identified Jessica's Collected Works on Dislocation
  3450 | D:3      | Found an iron altar of Okawaru.
  3976 | D:2      | Learned a level 5 spell: Fireball
  4014 | D:3      | Found a radiant altar of Vehumet.
  4095 | D:3      | Became a worshipper of Vehumet
  4279 | D:3      | Found an ornate altar of the Wu Jian Council.
  4670 | D:4      | Reached skill level 5 in Spellcasting
  4670 | D:4      | Reached XP level 6. HP: 19/32 MP: 10/15
  4833 | D:4      | Found a sparkling altar of Nemelex Xobeh.
  4867 | D:4      | Got a brightly glowing dagger
  4868 | D:4      | Identified the +5 dagger "Faamuf" {vorpal, rElec Int-4
                  | Dex+9} (You found it on level 4 of the Dungeon)
  4917 | D:4      | Reached skill level 6 in Fire Magic
  4919 | D:4      | Noticed Menkaure
  4922 | D:4      | Killed Menkaure
  5115 | D:4      | Noticed Edmund
  5142 | D:4      | Killed Edmund
  5143 | D:4      | Reached XP level 7. HP: 36/36 MP: 4/17
  5148 | D:4      | Reached skill level 7 in Fire Magic
  5283 | D:4      | Noticed Pikel
  5292 | D:4      | Killed Pikel
  5293 | D:4      | Reached skill level 5 in Conjurations
  5293 | D:4      | Reached skill level 8 in Fire Magic
  5293 | D:4      | Reached XP level 8. HP: 41/41 MP: 5/20
  5438 | D:4      | Noticed Robin
  5449 | D:4      | Killed Robin
  5714 | D:4      | Found a shadowy altar of Dithmenos.
  6027 | D:4      | Learned a level 2 spell: Blink
  6067 | D:5      | Entered Level 5 of the Dungeon
  6075 | D:5      | Reached * piety under Vehumet
  6075 | D:5      | Offered knowledge of Freeze by Vehumet.
  6455 | D:5      | Found a bloodstained altar of Trog.
  6676 | D:5      | Reached skill level 9 in Fire Magic
  6758 | D:5      | Found a glowing silver altar of Zin.
  7356 | D:5      | Found Temiul's Magic Scroll Shop.
  7362 | D:5      | Bought a scroll of teleportation for 42 gold pieces
  7362 | D:5      | Bought a scroll of random uselessness for 14 gold pieces
  7362 | D:5      | Bought a scroll of blinking for 105 gold pieces
  7797 | D:6      | Reached XP level 9. HP: 37/45 MP: 15/23
  8361 | D:6      | Reached ** piety under Vehumet
  8361 | D:6      | Offered knowledge of Searing Ray by Vehumet.
  8362 | D:6      | Reached skill level 10 in Fire Magic
  8362 | D:6      | Reached skill level 1 in Evocations
  9157 | D:7      | Found a staircase to the Ecumenical Temple.
  9233 | D:7      | Found an opulent altar of Gozag.
  9359 | D:7      | Found a burning altar of Makhleb.
  9703 | D:7      | Offered knowledge of Mephitic Cloud by Vehumet.
  9802 | D:7      | Learned a level 3 spell: Mephitic Cloud
  9905 | D:8      | Noticed a two-headed ogre
  9918 | D:8      | Killed a two-headed ogre
  9919 | D:8      | Reached skill level 11 in Fire Magic
  9983 | D:8      | Found a sand-covered staircase.
 10025 | Ossuary  | Entered an ossuary
 10088 | Ossuary  | Reached *** piety under Vehumet
 10353 | Ossuary  | Reached XP level 10. HP: 50/50 MP: 14/25
 10354 | Ossuary  | Offered knowledge of Airstrike by Vehumet.
 10363 | Ossuary  | Learned a level 4 spell: Airstrike
 10810 | Ossuary  | Reached **** piety under Vehumet
 11044 | D:8      | Found a shimmering altar of Xom.
 11277 | D:8      | Found a white marble altar of Elyvilon.
 11491 | D:8      | Offered knowledge of Irradiate by Vehumet.
 11695 | D:9      | Noticed a two-headed ogre
 11710 | D:8      | Killed a two-headed ogre
 11711 | D:8      | Reached skill level 1 in Fighting
 12009 | D:9      | Reached skill level 10 in Spellcasting
 12073 | D:9      | Reached skill level 5 in Dodging
 12293 | D:9      | Reached skill level 12 in Fire Magic
 12434 | D:9      | Noticed Prince Ribbit
 12446 | D:9      | Killed Prince Ribbit
 12692 | D:9      | Noticed Harold
 12708 | D:9      | Killed Harold
 12991 | D:9      | Reached XP level 11. HP: 54/57 MP: 25/27
 13245 | D:9      | Found Acruyr's General Store.
 13253 | D:9      | Bought a potion of degeneration for 11 gold pieces
 13253 | D:9      | Bought a scroll of identify for 22 gold pieces
 13253 | D:9      | Bought a scroll of random uselessness for 11 gold pieces
 13253 | D:9      | Bought a scroll of teleportation for 33 gold pieces
 13253 | D:9      | Bought a scroll of blinking for 82 gold pieces
 13574 | D:9      | Found a staircase to the Lair.
 14060 | D:10     | Entered Level 10 of the Dungeon
 14758 | D:10     | Found a staircase to the Orcish Mines.
 14824 | D:10     | Reached ***** piety under Vehumet
 15069 | D:10     | Offered knowledge of Ozocubu's Refrigeration by Vehumet.
 15071 | D:10     | Reached skill level 13 in Fire Magic
 15236 | D:10     | Reached skill level 1 in Shields
 15405 | D:10     | Found a stormy altar of Qazlal.
 15655 | D:10     | Noticed a two-headed ogre
 15658 | D:10     | Killed a two-headed ogre
 15894 | D:11     | Noticed a death knight
 15907 | D:11     | Killed a death knight
 16201 | D:11     | Noticed Snorg
 16210 | D:11     | Killed Snorg
 16618 | D:11     | Noticed Nergalle
 16623 | D:11     | Killed Nergalle
 16808 | D:11     | Noticed Fannar
 16810 | D:11     | Noticed Maurice
 16812 | D:11     | Killed Fannar
 16815 | D:11     | Killed Maurice
 16985 | D:11     | Found a broken altar of Ashenzari.
 17218 | D:11     | Noticed Erica
 17221 | D:11     | Killed Erica
 17222 | D:11     | Reached XP level 12. HP: 55/62 MP: 16/29
 17606 | D:12     | Noticed a centaur warrior
 17607 | D:12     | Noticed a two-headed ogre
 17820 | D:12     | Killed a centaur warrior
 17824 | D:12     | Reached skill level 14 in Fire Magic
 18240 | D:12     | Reached skill level 10 in Conjurations
 18241 | D:12     | Noticed a two-headed ogre
 18246 | D:12     | Killed a two-headed ogre
 18600 | Orc:1    | Entered Level 1 of the Orcish Mines
 18677 | Orc:2    | Entered Level 2 of the Orcish Mines
 18693 | Orc:2    | Reached skill level 5 in Evocations
 18889 | Orc:2    | Offered knowledge of Bolt of Magma by Vehumet.
 18910 | Orc:1    | Learned a level 5 spell: Bolt of Magma
 19120 | Orc:1    | Found Atetie's Gadget Boutique.
 19802 | Orc:2    | Noticed a stone giant
 19809 | Orc:2    | Noticed Blork the orc
 19822 | Orc:2    | Noticed a two-headed ogre
 19832 | Orc:2    | Found a staircase to the Elven Halls.
 19847 | Orc:2    | Killed a two-headed ogre
 20013 | Orc:2    | Noticed an orc high priest
 20017 | Orc:2    | Killed an orc high priest
 20427 | Orc:2    | Found a roughly hewn altar of Beogh.
 20667 | Orc:2    | Noticed an orc warlord
 20698 | Orc:2    | Hit by a boomerang thrown by an orc warrior

Illustrated notes

Levels and vault maps discovered:
D:1:      dpeg_arrival_arbitrary_a, layout_basic
D:2:      layout_loops_ring
D:3:      layout_loops_ring, lemuel_doored_altar, lemuel_round_altar,
          old_standard_altar, kennysheep_jessica_study
D:4:      layout_gridville, grunt_dithmenos_smoke, lemuel_round_altar,
          serial_bayou_pond_b, minmay_distorted, uniq_robin, uniq_menkaure,
          uniq_pikel, uniq_edmund
D:5:      layout_loops_ring, bloody_trog, general_overflow_altar, serial_shops,
          shop_statue, st_stairs_12
D:6:      layout_loops_ring
D:7:      layout_cave_pools, old_standard_altar, makhleb_heckhound_becter,
          minmay_temple_entry_grid, serial_glass, glass_columns_a,
          glass_columns_a
D:8:      layout_gridville, kennysheep_little_box, old_standard_altar,
          enter_ossuary_3
D:9:      layout_basic, david_lair_shrubbed, serial_rivers,
          chequers_serial_rivers_micro_a, chequers_serial_rivers_small_b,
          chequers_serial_rivers_large_a, chequers_serial_rivers_small_b,
          chequers_serial_rivers_micro_e, chequers_serial_rivers_large_b,
          serial_shops, shop, uniq_prince_ribbit1, uniq_harold
D:10:     layout_stronghold, david_orc_3, fountainhead, chequers_big_river,
          grunt_qazlal_sundering
D:11:     layout_stronghold, ashenzari_altar_1, uniq_erica, uniq_snorg,
          uniq_fannar, uniq_maurice, uniq_nergalle
D:12:     layout_big_octagon, gammafunk_ghost_icy, serial_shops, shop_fountains,
          grunt_decor_one_mirror, minivault_28
Orc:1:    layout_diamond_mine, serial_shops, nicolae_shop_stone, mines_bat_river
Orc:2:    grunt_orc_cross, layout_diamond_mine, mines1_david

Skill      XL: |  1  2  3  4  5  6  7  8  9 10 11 12 |
---------------+-------------------------------------+-----
Fire Magic     | 4 5 6 8 9 11 12 13 14 | 14.8
Conjurations   | 2 3 4 5 6 7 8 9 10 | 10.5
Spellcasting   | 4 5 6 8 9 10 11 12 | 12.6
Dodging        | 4 5 6 7 |  7.5
Stealth        | 3 |  3.0
Evocations     | 2 4 5 |  5.9
Fighting       | 2 |  2.0
Shields        | 4 |  4.0

Action                   |  1- 3 |  4- 6 |  7- 9 | 10-12 || total
-------------------------+-------+-------+-------+-------++-------
Melee: Unarmed           |     2 |       |       |       ||     2
       Trident           |       |     6 |       |     3 ||     9
       Halberd           |       |       |     6 |    14 ||    20
 Cast: Foxfire           |   101 |   165 |   427 |   602 ||  1295
       Sticky Flame      |       |       |    19 |    29 ||    48
       Fireball          |       |       |     4 |   131 ||   135
       Conjure Flame     |       |       |     3 |     1 ||     4
       Mephitic Cloud    |       |       |       |     5 ||     5
       Airstrike         |       |       |       |     4 ||     4
       Blink             |       |       |       |     2 ||     2
Evoke: Wand              |       |       |       |     2 ||     2
  Use: Scroll            |       |       |     7 |     8 ||    15
Armor: Robe              |     7 |     4 |     4 |    12 ||    27
Dodge: Dodged            |    20 |    34 |    34 |    76 ||   164
Block: Buckler           |       |       |       |    15 ||    15
